AoeStats
← SaMgAmEpLaY

MegaRandom

510207567Analyzed
2v2 RM · 2d ago on Sep 29, 2026· 29m 5s· 4 players
Game mode
Random Map
Map size
Medium (4 player)
Population
200
Speed
Normal
Resources
Standard
Victory
Conquest
Starting age
Dark Age
Ending age
Imperial Age
RankedLock teamsTeams togetherTeam positionsShared explorationLock speedFull tech treeHidden civsTurbo modeCheats
Victory
Defeat
🇺🇸 Bohemians · United States
987
+12
🇺🇸 Mongols · United States
884
+17
🇺🇸 Dravidians · United States
921
-15
🇲🇽 Italians · Mexico
886
-14
Manwe
3:22 Loom
13:55 Feudal Age
14:46 Town Watch
15:59 Horse Collar
21:48 Castle Age
21:39 Forging
21:55 Scale Mail Armor
21:52 Pikeman
22:33 Squires
21:55 Elite Skirmisher
22:52 Fletching
23:12 Pikeman
23:53 Squires
25:35 Padded Archer Armor
26:32 Double-Bit Axe
28:37 Wheelbarrow
SaMgAmEpLaY
12:16 Feudal Age
Marzipan
2:34 Loom
10:12 Feudal Age
11:01 Double-Bit Axe
18:23 Fletching
24:38 Castle Age
24:38 Crossbowman
25:15 Bodkin Arrow
27:09 Bow Saw
Gamma Squeezee
8:34 Loom
11:04 Feudal Age
17:21 Castle Age
Connection lost

Rejoining the realm…

Still unreachable

The connection could not be restored.

Session expired

The server has moved on; the page needs a fresh start.